Map: Cinder Fortress

Players

A.I. 1 (Harder)

  • Race: Zerg Zerg
  • Spawn Location: 12:00

larsgj - Winner!

  • Race: Terran Terran
  • Spawn Location: 5:00

VOD

Have the link to the VOD?

Description

Time

  • Played on: May 3, 2019, 10:26 a.m.
  • Length: 20:24
Show
View Real Time Build Order
Export as new Build Order

A.I. 1 (Harder) Zerg 

Build Orders: 1 Base Baneling Bust, Pool First, Zergling Baneling 

Get SALT Encoding   

  12  0:00  Drone  
  13  0:12  Overlord  
  13  0:17  Drone  
  14  0:30  Drone x2  
  16  0:42  Spawning Pool  
  16  0:45  Drone  
  16  0:49  Drone  
  17  0:52  Extractor  
  17  0:55  Drone  
  17  1:05  Overlord  
  17  1:30  Queen  
  17  1:31  Zergling x4  
  21  1:36  Roach Warren  
  21  1:38  Drone  
  21  1:41  Extractor  
  20  1:49  Drone  
  20  1:51  Baneling Nest  
  20  1:59  Drone  
  21  2:10  Drone  
  22  2:21  Zergling x2  
  23  2:31  Drone  
  23  2:35  Baneling x2  
  23  2:36  Baneling  
  24  2:37  Overlord  
  24  2:38  Zergling x4  
  24  2:43  Zergling x2, Baneling  
  27  2:54  Drone  
  27  2:57  Metabolic Boost  
  28  3:05  Zergling x2  
  29  3:09  Zergling x4  
  29  3:10  Zergling x2  
  32  3:17  Overlord  
  32  3:27  Zergling x2, Baneling x2  
  33  3:35  Baneling  
  33  3:38  Zergling x2, Baneling  
  33  3:41  Drone, Zergling x2  
  36  3:44  Drone  
  37  3:50  Drone  
  38  4:00  Drone, Evolution Chamber  
  38  4:11  Drone  
  38  4:12  Overlord  
  38  4:13  Drone  
  38  4:15  Drone  
  41  4:23  Roach  
  43  4:34  Lair  
  43  4:41  Roach  
  45  4:46  Overlord  
  45  4:49  Ravager  
  46  4:57  Roach  
  46  5:14  Zerg Melee Weapons Level 1  
  46  5:34  Hydralisk Den  
  45  5:52  Centrifugal Hooks  
  45  6:02  Hydralisk  
  47  6:10  Burrow, Hydralisk  
  49  6:19  Roach  
  49  6:23  Drone, Spore Crawler  
  51  6:27  Roach  
  51  6:29  Hatchery  
  51  6:30  Drone  
  53  6:34  Hydralisk, Overlord  
  55  6:43  Roach, Ravager  
  58  6:51  Ravager  
  59  6:56  Roach  
  61  7:05  Hydralisk  
  61  7:06  Overlord  
  61  7:07  Spore Crawler  
  62  7:08  Zerg Missile Weapons Level 1  
  62  7:14  Hydralisk  
  64  7:21  Queen  
  66  7:23  Hydralisk  
  68  7:31  Spine Crawler  
  67  7:37  Spine Crawler  
  67  7:42  Drone x2  
  67  7:43  Drone  
  69  7:49  Drone  
  70  7:55  Drone  
  70  7:58  Drone  
  72  8:01  Drone, Overseer  
  72  8:03  Drone  
  74  8:06  Drone  
  74  8:11  Overlord  
  75  8:14  Drone x3  
  78  8:22  Drone  
  78  8:24  Drone  
  78  8:26  Drone  
  81  8:31  Evolution Chamber  
  80  8:37  Pneumatized Carapace  
  80  8:45  Roach  
  82  8:50  Hatchery, Overseer  
  81  8:57  Zerg Ground Armor Level 1  
  81  9:00  Roach  
  80  9:03  Overseer  
  80  9:04  Hydralisk  
  80  9:08  Hydralisk  
  78  9:14  Ravager  
  78  9:16  Roach  
  78  9:17  Drone  
  78  9:20  Drone  
  78  9:22  Drone, Baneling  
  78  9:23  Drone  
  81  9:30  Hydralisk  
  81  9:31  Extractor  
  80  9:32  Drone  
  80  9:34  Hydralisk  
  77  9:40  Extractor  
  77  9:42  Hydralisk  
  77  9:45  Drone  
  76  9:54  Drone x2  
  76  9:56  Ravager  
  81  10:00  Roach  
  81  10:03  Drone x3  
  81  10:04  Drone x2  
  81  10:05  Overlord, Drone  
  87  10:07  Hydralisk  
  89  10:14  Drone  
  89  10:16  Extractor  
  89  10:17  Drone  
  89  10:18  Drone  
  89  10:20  Drone  
  92  10:24  Infestation Pit  
  92  10:25  Drone  
  92  10:28  Overlord  
  92  10:30  Drone  
  92  10:32  Drone  
  92  10:33  Drone  
  92  10:35  Drone  
  96  10:36  Drone  
  96  10:38  Drone  
  96  10:40  Drone  
  96  10:41  Drone  
  100  10:43  Drone  
  100  10:45  Drone  
  100  10:48  Overlord  
  102  10:52  Zerg Melee Weapons Level 2  
  102  11:00  Infestor  
  102  11:03  Zerg Ground Armor Level 2  
  104  11:14  Extractor, Drone  
  104  11:22  Spore Crawler  
  104  11:24  Drone  
  104  11:25  Drone, Spore Crawler, Pathogen Glands  
  103  11:29  Spore Crawler  
  103  11:30  Drone  
  104  11:32  Spore Crawler  
  104  11:33  Drone, Glial Reconstitution  
  104  11:36  Queen  
  106  11:43  Spire  
  106  11:44  Drone  
  106  11:54  Overlord  
  106  11:55  Roach  
  106  11:57  Roach  
  110  12:04  Infestor  
  112  12:13  Infestor  
  114  12:16  Roach, Overlord  
  114  12:18  Roach  
  114  12:21  Roach  
  119  12:23  Zergling x2  
  119  12:25  Roach  
  119  12:26  Drone  
  119  12:27  Roach, Drone  
  119  12:29  Roach  
  125  12:32  Roach  
  125  12:34  Roach, Overlord, Drone  
  125  12:35  Drone  
  125  12:36  Infestor  
  130  12:40  Drone, Infestor  
  130  12:41  Drone x3  
  130  12:42  Hydralisk, Drone x3  
  125  12:44  Drone x2  
  125  12:45  Drone  
  115  12:51  Hydralisk  
  115  12:54  Hydralisk  
  115  12:56  Hydralisk  
  115  13:03  Roach  
  115  13:05  Hydralisk  
  113  13:12  Infestor  
  106  13:15  Roach  
  106  13:17  Zergling x2  
  106  13:19  Roach, Drone  
  106  13:21  Roach  
  106  13:24  Hydralisk  
  105  13:40  Hatchery  
  93  13:46  Zergling x2  
  64  13:56  Roach  
  64  13:58  Roach  
  64  14:00  Roach  
  64  14:02  Infestor  
  59  14:05  Roach, Drone  
  59  14:07  Roach  
  56  14:22  Drone, Overseer  
  55  14:26  Overseer  
  55  14:28  Roach  
  55  14:31  Roach, Extractor  
  55  14:33  Roach  
  55  14:35  Roach  
  55  14:38  Roach  
  50  14:40  Roach  
  50  14:42  Roach, Drone  
  50  14:43  Drone, Mutalisk  
  50  14:45  Drone, Spawning Pool  
  51  14:48  Drone x3  
  51  14:49  Evolution Chamber  
  51  14:50  Drone  
  53  14:55  Drone  
  53  14:56  Drone x2  
  53  14:57  Drone x4  
  53  14:59  Roach  
  50  15:01  Overseer  
  50  15:02  Drone x2  
  50  15:05  Drone  
  44  15:07  Hatchery  
  41  15:16  Spawning Pool  
  20  15:32  Drone  
  20  15:33  Spire  
  19  15:38  Drone  
  19  15:42  Infestation Pit  
  18  15:52  Drone  
  18  15:55  Hydralisk Den  
  17  15:58  Drone  
  17  16:08  Drone  
  17  16:10  Lair  
  16  16:25  Overlord  
  12  17:13  Infestation Pit  
  11  17:24  Spire  
  9  18:03  Drone  
  7  18:18  Drone  
  7  18:20  Drone  
  5  18:34  Drone  
  5  18:35  Drone  
  5  18:36  Drone x2  
  5  18:40  Drone  
Show
View Real Time Build Order
Export as new Build Order

larsgj Terran - Winner!

Build Orders:  

Get SALT Encoding   

  12  0:05  SCV  
  13  0:13  Supply Depot  
  13  0:18  SCV  
  14  0:30  SCV  
  15  0:36  Barracks  
  15  0:42  SCV  
  16  0:54  SCV  
  17  0:58  Barracks  
  17  1:08  SCV  
  18  1:13  Supply Depot  
  18  1:22  SCV  
  19  1:34  SCV, Bunker  
  20  1:40  Supply Depot  
  20  1:42  Marine  
  20  1:46  SCV  
  22  1:49  Marine  
  23  1:58  SCV  
  23  2:00  Marine  
  25  2:08  Supply Depot  
  25  2:10  Supply Depot  
  25  2:20  Bunker  
  25  2:25  SCV  
  25  2:26  Marine x2  
  28  2:37  SCV  
  29  2:44  Marine x2  
  29  2:49  SCV  
  32  2:51  Bunker  
  32  3:01  SCV  
  32  3:02  Marine x2, Refinery  
  35  3:06  Refinery  
  35  3:19  Marine  
  35  3:23  Marine  
  37  3:36  Bunker  
  37  3:37  Marine  
  37  3:40  Marine  
  39  3:46  SCV  
  40  3:55  Marine  
  40  3:58  SCV, Marine  
  43  4:10  SCV  
  43  4:12  Command Center  
  43  4:13  Marine  
  43  4:16  Marine  
  46  4:22  SCV  
  47  4:31  Marine  
  48  4:34  Marine, SCV  
  50  4:49  Marine  
  50  4:52  Marine  
  52  4:54  Factory  
  52  5:06  Marine  
  52  5:09  Marine  
  53  5:18  Command Center  
  53  5:27  SCV  
  53  5:28  Refinery  
  54  5:39  SCV  
  55  5:45  Starport  
  55  5:48  Engineering Bay  
  55  5:51  SCV  
  55  5:56  Starport  
  56  6:00  Starport  
  56  6:03  SCV  
  57  6:08  Refinery  
  57  6:15  SCV  
  57  6:17  Orbital Command  
  58  6:27  SCV  
  58  6:31  SCV  
  60  6:35  Refinery  
  60  6:37  Marine  
  60  6:38  Marine  
  60  6:39  SCV  
  63  6:43  SCV  
  64  6:50  Refinery  
  64  6:51  SCV  
  65  6:55  SCV, Marine  
  65  6:56  Marine  
  68  7:04  SCV  
  68  7:07  SCV  
  70  7:12  Starport Tech Lab  
  70  7:13  Marine x2, Starport Tech Lab x2  
  72  7:19  SCV  
  72  7:22  Fusion Core  
  73  7:31  Marine, SCV  
  76  7:48  Orbital Command  
  75  7:52  Orbital Command  
  75  8:10  Battlecruiser  
  81  8:17  Supply Depot  
  81  8:22  Battlecruiser x2  
  93  8:41  SCV  
  94  8:57  Armory  
  94  8:59  Supply Depot  
  86  9:14  Battlecruiser  
  87  9:22  Supply Depot  
  76  10:02  Battlecruiser  
  76  10:06  Command Center  
  82  10:26  Battlecruiser  
  82  10:27  Bunker  
  88  11:20  SCV  
  88  11:23  Battlecruiser x2  
  101  11:30  Battlecruiser  
  101  11:32  SCV  
  108  11:44  SCV  
  109  11:55  Terran Vehicle And Ship Armor Level 1  
  109  11:56  SCV  
  110  12:10  Orbital Command  
  110  12:28  Battlecruiser  
  100  13:49  Terran Ship Weapons Level 1  
  100  13:50  Battlecruiser x3  
  118  14:19  Supply Depot  
  118  14:26  Weapon Refit  
  118  14:54  Battlecruiser  
  118  14:55  Battlecruiser  
  130  15:26  Supply Depot  
  130  15:43  Terran Vehicle And Ship Armor Level 2  
  130  15:48  Battlecruiser, Supply Depot  
  136  15:58  Battlecruiser  
  142  16:10  Battlecruiser  
  148  16:17  Supply Depot  
  148  16:40  Supply Depot  
  148  16:52  Battlecruiser  
  154  17:02  Supply Depot  
  154  17:03  Battlecruiser  
  160  17:14  Battlecruiser  
  166  17:56  Battlecruiser  
Tags
 
Add a new tag
Caveats
  • Supply blocks, unpowered buildings, or Contaminate may cause inaccurate times.
  • Supply counts are checked every 10 seconds.